 Dungeon Crawl Stone Soup version 0.28.0-45-g0d030f2227 (webtiles) character file.

Game seed: 12504644137361635409

15817 MalarOregon the Fighter (level 12, 0/102 HPs)
             Began as a Palentonga Fighter on Apr 21, 2022.
             Was an Elder of Makhleb.
             Slain by a frost giant
             ... wielding a +2 battleaxe of freezing
              (9 damage)
             ... in an ice cave.
             The game lasted 00:44:38 (15101 turns).

MalarOregon the Fighter (Palentonga Fighter)       Turns: 15101, Time: 00:44:38

Health: 0/102      AC: 36    Str: 30    XL:     12   Next: 4%
Magic:  12/12      EV:  5    Int:  9    God:    Makhleb [****..]
Gold:   310        SH:  0    Dex: 10    Spells: 11/11 levels left

rFire   . . .      SeeInvis +   S - +1 flail (freeze)
rCold   + . .      Faith    .   L - +0 buckler {rC+}
rNeg    . . .      Spirit   .   D - +15 Maxwell's patent armour {-Cast -Tele rElec Will+ rCorr}
rPois   .          Reflect  .   U - +0 helmet
rElec   +          Harm     .   T - +0 cloak
rCorr   +          Rampage  .   (no gloves)
Will    +....      NoTele   +   (no barding)
Stlth   .......... NoCast   +   G - amulet of the acrobat
HPRegen 0.27/turn               h - +6 ring of strength
MPRegen 0.13/turn               y - ring of flight

@: confused, ambrosia-drunk, flying, invisible (expiring), curled up
A: large, rugged brown scales 3, see invisible, deformed body, roll 1, armoured
tail, reflexive curl
a: Rolling Charge, Renounce Religion, Minor Destruction, Lesser Servant of
Makhleb, Major Destruction


You were in an ice cave.
You worshipped Makhleb.
Makhleb was greatly pleased with you.
You visited 3 branches of the dungeon, and saw 13 of its levels.
You also visited: Ossuary and Ice Cave.

You collected 636 gold pieces.
You spent 326 gold pieces at shops.


Innate Abilities, Weirdness & Mutations

You are completely covered in rugged brown scales. (AC +3, +7% HP)
You have supernaturally acute eyesight. (SInv)
Armour fits poorly on your strangely shaped body.
You can roll at nearby foes to attack.
You have a long armoured tail.
You curl defensively after being hit. (AC +7*)


   Skills:
 + Level 9.5 Fighting
 + Level 9.2 Maces & Flails
 + Level 6.7 Throwing
 + Level 7.9 Armour
 + Level 7.9 Shields
 + Level 0.0 Invocations


You had 11 spell levels left.
You didn't know any spells.
Your spell library contained the following spells:

 Spells                   Type           Power      Damage    Failure   Level
 Animate Skeleton         Necr           0%         N/A       98%         1
 Apportation              Tloc           0%         N/A       98%         1
 Foxfire                  Conj/Fire      0%         2x1d4     98%         1
 Magic Dart               Conj           0%         1d3       98%         1
 Pain                     Necr           0%         1d4       98%         1
 Summon Small Mammal      Summ           0%         N/A       98%         1
 Call Imp                 Summ           0%         N/A       99%         2
 Corpse Rot               Necr/Air       0%         N/A       99%         2
 Poisonous Vapours        Pois/Air       0%         N/A       99%         2
 Call Canine Familiar     Summ           0%         N/A       100%        3
 Conjure Flame            Conj/Fire      0%         6-21      100%        3
 Gell's Gravitas          Tloc           0%         N/A       100%        3
 Inner Flame              Hex/Fire       0%         N/A       100%        3
 Lesser Beckoning         Tloc           0%         N/A       100%        3
 Mephitic Cloud           Conj/Pois/Air  0%         N/A       100%        3
 Portal Projectile        Hex/Tloc       0%         N/A       100%        3
 Summon Guardian Golem    Hex/Summ       0%         N/A       100%        3
 Teleport Other           Tloc           0%         N/A       100%        3
 Flame Wave               Conj/Fire      0%         2d4       100%        4
 Petrify                  Tmut/Erth      0%         N/A       100%        4
 Summon Ice Beast         Ice/Summ       0%         N/A       100%        4
 Blade Hands              Tmut           0%         N/A       100%        5
 Excruciating Wounds      Necr           0%         N/A       100%        5
 Metabolic Englaciation   Hex/Ice        0%         N/A       100%        5
 Summon Mana Viper        Hex/Summ       0%         N/A       100%        5
 Dispersal                Tloc           0%         N/A       100%        6
 Statue Form              Tmut/Erth      0%         N/A       100%        6
 Haunt                    Necr/Summ      0%         N/A       100%        7
 Malign Gateway           Summ/Tloc      0%         N/A       100%        7
 Monstrous Menagerie      Summ           0%         N/A       100%        7

Inventory:

Hand Weapons
 a - a +0 flail
 b - a +3 whip of venom
   (You took it off a kobold on level 7 of the Dungeon)
 S - a +1 flail of freezing (weapon)
   (You found it in an ice cave)
Missiles
 j - 330 stones
 k - 4 curare-tipped darts (quivered) {!f}
 n - 5 throwing nets {!f}
 q - 27 poisoned darts
 z - 2 boomerangs of dispersal {!f}
 A - 8 boomerangs
Armour
 f - an orb of mayhem
   (You found it on level 1 of the Dungeon)
 m - a +0 plate armour
   (You found it on level 2 of the Dungeon)
 r - a +0 tower shield
   (You found it on level 3 of the Dungeon)
 D - the +15 Maxwell's patent armour (worn) {-Cast -Tele rElec Will+ rCorr}
   (You found it on level 6 of the Dungeon)

   rElec:     It insulates you from electricity.
   -Cast:     It prevents spellcasting.
   -Tele:     It prevents most forms of teleportation.
   rCorr:     It protects you from acid and corrosion.
   Will:      It increases your willpower.
 L - a +0 buckler of cold resistance (worn)
   (You found it in an ice cave)
 T - a +0 cloak (worn)
   (You found it on level 10 of the Dungeon)
 U - a +0 helmet (worn)
   (You found it on level 10 of the Dungeon)
Jewellery
 h - a +6 ring of strength (left hand)
   (You found it on level 1 of the Dungeon)
 y - a ring of flight (right hand)
   (You found it on level 7 of the Dungeon)
 G - an amulet of the acrobat (around neck)
   (You found it on level 7 of the Dungeon)
Wands
 d - a wand of iceblast (6)
   (You found it on level 6 of the Dungeon)
 t - a wand of flame (10)
   (You took it off Blork the orc on level 4 of the Dungeon)
 u - a wand of polymorph (11)
   (You found it on level 5 of the Dungeon)
 w - a wand of mindburst (3)
   (You found it on level 5 of the Dungeon)
Scrolls
 i - 2 scrolls of magic mapping
 l - 3 scrolls of fog {unknown}
 o - 3 scrolls of vulnerability {!r}
 p - 2 scrolls of teleportation {@r4}
 s - 2 scrolls of enchant weapon {unknown}
 x - 2 scrolls of torment {unknown}
 F - 2 scrolls of enchant armour {unknown}
 I - 3 scrolls of summoning
 J - 2 scrolls of holy word {unknown}
 K - 2 scrolls of blinking
 P - a scroll of brand weapon {unknown}
 R - a scroll of fear {unknown}
Potions
 c - 4 potions of curing {@q1}
 g - a potion of lignification {!q}
 B - 2 potions of brilliance
 C - 2 potions of mutation {!q}
 E - 3 potions of haste {@q3}
 H - a potion of might
 M - a potion of berserk rage
 N - a potion of resistance
 O - a potion of magic {unknown}
 Q - a potion of flight
 V - a potion of attraction {!q}

Dungeon Overview and Level Annotations

Branches:
Dungeon (11/15)            Temple (1/1) D:5            Lair (1/6) D:8
    Orc (0/2) D:10        Ossuary (visited)           IceCv (1/1)

Altars:
Ashenzari
Cheibriados
Dithmenos
Elyvilon
Fedhas
Gozag
Hepliaklqana
Kikubaaqudgha
Makhleb
Nemelex Xobeh
Okawaru
Qazlal
Ru
Sif Muna
Trog
Uskayaw
Vehumet
Wu Jian
Xom
Yredelemnul
Zin
The Shining One

Shops:
D:4 (   D:5 *   D:8 =

Annotations:
D:3 1 runed translucent door, diceflayer's ghost, amateur MiFi
D:8 1 runed translucent door, MisterFreud's ghost, novice PaFi
D:11 Nergalle IceCv exclusion: ice statue

##.#.####..#.######......
#.#.## ###### #.#.#.#
#..## #..#.#. ##..##
####..# ##..## ##.. #.#.#
### #..#### # ##..#C## ##
##..#@# ##. ##..### ##.#
##...# #.#. ###C## #..#
###.#.# ##†. ###....##
#.# ##...#### #.. #.#.##
##. ##.C## #.


You could see a frost giant (very poisoned).


Message History

You barely miss the death yak. The death yak gores you!
You whack the death yak!
The death yak looks as sick as possible!
You tail-slap the death yak.
The death yak gores you but does no damage.
You barely miss the death yak. You hit the death yak.
The death yak looks as sick as possible!
Your tail-slap misses the death yak.
The death yak gores you but does no damage.
You start resting.
Unknown command.
The death yak barely misses you.
You hit the death yak.
The death yak looks as sick as possible!
You tail-slap the death yak.
The death yak gores you but does no damage.
You kill the death yak!
Makhleb accepts your kill.
You have reached level 12!
You feel clever.
The frost giant points at you and mumbles some strange words.
The bolt of cold hits you! You resist.
You hear a bellow!
You start resting.
A frost giant is nearby!
You start resting.
A frost giant is nearby!
You hit the frost giant but do no damage.
The frost giant is poisoned.
The frost giant hits you with a +2 battleaxe of freezing!!
The frost giant freezes you.
Unknown command.
Throw: 5 darts (curare) {!f}
Press: ? - help, Q - select action, (/) - cycle Shift-Dir - straight line, f - frost giant
Aim: a frost giant, wielding a +2 battleaxe of freezing (very poisoned, 87% to hit)
You throw a curare-tipped dart {!f}.
The curare-tipped dart {!f} hits the frost giant.
The frost giant looks as sick as possible!
The frost giant convulses.
The frost giant seems to slow down.
You whack the frost giant!
The frost giant looks as sick as possible!
You tail-slap the frost giant! The frost giant casts a spell at you.
The bolt of cold hits you!! You resist.
* * * LOW HITPOINT WARNING * * *
You fade into invisibility!
You block the frost giant's attack.
Press: ? - help, v - describe, . - travel, g - get item
Here: a frost giant, wielding a +2 battleaxe of freezing (moderately wounded, extremely poisoned, slow) Item here: a curare-tipped dart {!f}.
The floor, spattered with blood.
Unknown command.
Unknown command.
Unknown command.
Okay, then.
Unknown command.
Unknown command.
You hit the frost giant.
The frost giant looks as sick as possible!
You tail-slap the frost giant, but do no damage.
Your +3 whip of venom stops dripping with poison.
Your +1 flail of freezing glows with a cold blue light!
S - a +1 flail of freezing (weapon)
You block the frost giant's attack.
You hit the frost giant. You tail-slap the frost giant!
You sock the frost giant! The frost giant barely misses you.
You barely miss the frost giant. You tail-slap the frost giant.
The frost giant hits you with a +2 battleaxe of freezing!!
* * * LOW HITPOINT WARNING * * *
The frost giant freezes you.
* * * LOW HITPOINT WARNING * * *
Okay, then.
You cannot blink because you are wearing the +15 Maxwell's patent armour {-Cast -Tele rElec Will+ rCorr}.
The frost giant casts a spell at you. The bolt of cold misses you.
Okay, then.
You are confused.
You feel invigorated.
You're too confused to move!
You hit the frost giant.
The frost giant points at you and mumbles some strange words.
The bolt of cold hits you! You resist.
* * * LOW HITPOINT WARNING * * *
You're too confused to move!
The frost giant gestures at you while chanting.
The bolt of cold hits you! You resist.
* * * LOW HITPOINT WARNING * * *
You bump into the ice covered rock wall.
The frost giant gestures at you while chanting.
The bolt of cold hits you. You resist.
* * * LOW HITPOINT WARNING * * *
You bump into the ice covered rock wall.
The frost giant hits you with a +2 battleaxe of freezing!
* * * LOW HITPOINT WARNING * * *
You bump into the ice covered rock wall.
You flicker for a moment.
The frost giant hits you with a +2 battleaxe of freezing!
You die...

Skill      XL: |  1  2  3  4  5  6  7  8  9 10 11 |
---------------+----------------------------------+-----
Throwing       | 1 2 3 4 5 6 |  6.7
Maces & Flails | 3 4 5 6 7 9 |  9.2
Armour         | 3 4 5 6 7 |  7.9
Shields        | 3 4 5 6 7 |  7.9
Fighting       | 4 5 6 7 8 9 |  9.5

Action                   |  1- 3 |  4- 6 |  7- 9 | 10-12 || total
-------------------------+-------+-------+-------+-------++-------
Melee: Flail             |    97 |   114 |   259 |   377 ||   847
       Tailslap          |    10 |    15 |    53 |   116 ||   194
       Whip              |       |       |    96 |   263 ||   359
Throw: Stone             |    45 |    28 |    17 |       ||    90
       Dart              |       |    15 |    11 |    12 ||    38
       Boomerang         |       |       |       |    13 ||    13
       Javelin           |       |       |       |     5 ||     5
 Abil: Rolling Charge    |     1 |     1 |     3 |     7 ||    12
Evoke: Wand              |       |     5 |       |     1 ||     6
  Use: Potion            |       |     1 |     4 |     6 ||    11
       Scroll            |       |       |    11 |     6 ||    17
Armor: Scale mail        |    29 |       |       |       ||    29
       Plate armour      |    22 |    62 |   347 |   466 ||   897
Dodge: Dodged            |    31 |    10 |    54 |   109 ||   204
Block: Buckler           |    20 |     5 |       |     3 ||    28
       Tower shield      |       |    61 |   317 |   530 ||   908

Levels and vault maps discovered:
D:1:      dpeg_arrival_yet_another_circle, layout_basic,
          ebering_ecumenical_altar_rust, kennysheep_boxes
D:2:      layout_loops_ring, basic_altar
D:3:      layout_basic, grunt_temple_overflow_growth_and_decay,
          gammafunk_ghost_grave
D:4:      layout_rooms, serial_shops, shop, serial_undead, serial_undead_a,
          serial_undead_c, serial_undead_b, serial_undead_a, uniq_blork_the_orc
D:5:      layout_rooms, mainiacjoe_overflow_boulevard,
          mainiacjoe_overflow_24_doors, temple_pool_b, serial_shops,
          nicolae_shop_advertising_works [nicolae_subvault_shop_adworks],
          grunt_decor_mini_mirrors
D:6:      layout_loops_corners, trog_book, zin_purify, glass_columns_a,
          kennysheep_potato
D:7:      layout_basic, gammafunk_temple_overflow_elements
D:8:      layout_loops_ring, nicolae_uskayaw_murder_on_the_dancefloor,
          nicolae_ossuary_entry_catacombs, serial_shops, shop,
          ebering_ghost_xom, uniq_harold
D:9:      layout_basic, nicolae_qazlal_general_emergency, minmay_hedge_maze
D:10:     layout_rooms, nemelex_xobeh_ov_fountains_minmay, orc_0_dummy,
          chequers_arboretum
D:11:     layout_basic, hellmonk_ghost_happy_afterlife, uniq_fannar, uniq_erica,
          uniq_sonja, uniq_nergalle
Temple:   bh_familiar_temple
Lair:1:   layout_cave_pods, portal_ice_cave_entry_pillars_2, basic_altar
IceCv:    ice_cave_small_giant

Notes
Turn   | Place    | Note
-------+----------+-------------------------------------------
     0 | D:1      | MalarOregon the Palentonga Fighter began the quest for the
                  | Orb.
     0 | D:1      | Reached XP level 1. HP: 19/19 MP: 1/1
   262 | D:1      | Reached XP level 2. HP: 25/25 MP: 2/2
  1120 | D:1      | Found a faded altar of an unknown god.
  1274 | D:2      | Reached XP level 3. HP: 31/31 MP: 3/3
  1308 | D:2      | Found a basalt altar of Yredelemnul.
  2130 | D:3      | Reached skill level 1 in Throwing
  2130 | D:3      | Reached XP level 4. HP: 37/37 MP: 4/4
  2427 | D:3      | Found a runed translucent door.
  2428 | D:3      | Noticed diceflayer's ghost (amateur MiFi)
  2438 | D:3      | Found a blossoming altar of Fedhas.
  2439 | D:3      | Found an ancient bone altar of Kikubaaqudgha.
  3072 | D:4      | Noticed a scorpion
  3082 | D:3      | Killed a scorpion
  3083 | D:3      | Reached skill level 3 in Maces & Flails
  3083 | D:3      | Reached skill level 3 in Armour
  3083 | D:3      | Reached skill level 3 in Shields
  3083 | D:3      | Reached XP level 5. HP: 17/44 MP: 5/5
  3460 | D:4      | Found Jugied's Antique Weapon Boutique.
  3504 | D:4      | Noticed Blork the orc
  3510 | D:4      | Killed Blork the orc
  3511 | D:4      | Reached skill level 4 in Fighting
  3533 | D:4      | Reached XP level 6. HP: 41/51 MP: 6/6
  3557 | D:4      | Reached skill level 2 in Throwing
  4144 | D:5      | Entered Level 5 of the Dungeon
  4518 | D:4      | Gained mutation: You curl defensively after being hit. (AC
                  | +7*) [Palentonga growth]
  4518 | D:4      | Reached XP level 7. HP: 48/58 MP: 7/7
  4605 | D:5      | Reached skill level 4 in Maces & Flails
  4726 | D:5      | Found Dor Weid's General Store.
  4736 | D:5      | Bought a scroll of teleportation for 36 gold pieces
  4736 | D:5      | Bought a scroll of identify for 24 gold pieces
  4736 | D:5      | Bought 2 scrolls of identify for 48 gold pieces
  4736 | D:5      | Bought 27 stones for 32 gold pieces
  4739 | D:5      | You add the spells Gell's Gravitas, Teleport Other and
                  | Dispersal to your library.
  4750 | D:5      | Bought a potion of ambrosia for 96 gold pieces
  4802 | D:5      | Found a staircase to the Ecumenical Temple.
  4815 | Temple   | Entered the Ecumenical Temple
  5008 | Temple   | Became a worshipper of Makhleb the Destroyer
  5045 | D:5      | Reached skill level 4 in Armour
  5045 | D:5      | Reached skill level 4 in Shields
  5117 | D:5      | Found a radiant altar of Vehumet.
  5282 | D:5      | Found a basalt altar of Yredelemnul.
  5297 | D:5      | Reached skill level 5 in Fighting
  5297 | D:5      | You pick up a book of Minor Magic and begin reading...
  5297 | D:5      | You add the spells Magic Dart, Call Imp and Mephitic Cloud
                  | to your library.
  5388 | D:5      | Identified the +8 short sword "Puijap" {vorpal, *Slow Fly
                  | rElec rF++ rC+}
  5460 | D:5      | Reached XP level 8. HP: 59/66 MP: 8/8
  5890 | D:6      | Reached skill level 3 in Throwing
  6352 | D:6      | HP: 15/66 [orc warrior/+0 halberd (10)]
  6354 | D:6      | HP: 2/66 [orc warrior/+0 halberd (13)]
  6900 | D:6      | Found the +15 Maxwell's patent armour {-Cast -Tele rElec
                  | Will+ rCorr}
  7210 | D:6      | Reached skill level 5 in Maces & Flails
  7519 | D:6      | Found Zin's Purification Station.
  7520 | D:6      | Found a glowing silver altar of Zin.
  7876 | D:6      | Found a bloodstained altar of Trog.
  7935 | D:6      | You pick up a book of Beasts and begin reading...
  7935 | D:6      | You add the spells Summon Ice Beast, Summon Mana Viper and
                  | Monstrous Menagerie to your library.
  8164 | D:7      | Reached skill level 6 in Fighting
  8327 | D:7      | Noticed a hornet
  8337 | D:7      | Paralysed by a hornet for 3 turns
  8342 | D:7      | Killed a hornet
  8343 | D:7      | Reached skill level 5 in Armour
  8343 | D:7      | Reached skill level 5 in Shields
  8343 | D:7      | Reached XP level 9. HP: 22/73 MP: 9/9
  8345 | D:7      | HP: 17/73 [steam dragon (6)]
  8350 | D:7      | HP: 1/73 [steam dragon] (9)]
  8729 | D:7      | You pick up a book of Weapons and begin reading...
  8729 | D:7      | You add the spells Portal Projectile, Excruciating Wounds
                  | and Blade Hands to your library.
  8772 | D:7      | You pick up a book of Flames and begin reading...
  8772 | D:7      | You add the spells Foxfire, Conjure Flame, Inner Flame and
                  | Flame Wave to your library.
  8795 | D:7      | You pick up a book of Vapours and begin reading...
  8795 | D:7      | You add the spells Poisonous Vapours and Corpse Rot to your
                  | library.
  8895 | D:7      | You pick up a book of Callings and begin reading...
  8895 | D:7      | You add the spells Summon Small Mammal, Call Canine
                  | Familiar and Summon Guardian Golem to your library.
  8936 | D:7      | Found a shimmering blue altar of Sif Muna.
  8936 | D:7      | Found a snail-covered altar of Cheibriados.
  8969 | D:7      | Reached skill level 4 in Throwing
  8978 | D:7      | Reached * piety under Makhleb
  9579 | D:6      | Bought a potion of curing for 90 gold pieces
  9766 | D:8      | Reached skill level 6 in Maces & Flails
  9806 | D:8      | Found a hide-covered altar of Uskayaw.
  9818 | D:8      | You pick up a book of Cantrips and begin reading...
  9818 | D:8      | You add the spells Animate Skeleton and Apportation to your
                  | library.
  9826 | D:8      | Found a runed translucent door.
  9827 | D:8      | Found a shimmering altar of Xom.
  9827 | D:8      | Noticed MisterFreud's ghost (novice PaFi)
  9827 | D:8      | Noticed a +4 long sword of chaos
  9892 | D:8      | Noticed a tengu conjurer
  9904 | D:8      | Killed a tengu conjurer
  9909 | D:8      | Noticed a tengu warrior
  9927 | D:8      | Killed a tengu warrior
  9928 | D:8      | Reached skill level 7 in Fighting
  9950 | D:8      | You pick up a book of Displacement and begin reading...
  9963 | D:8      | Found Qexoet's Jewellery Boutique.
 10048 | D:8      | Reached XP level 10. HP: 44/84 MP: 10/10
 10076 | D:8      | Found a sand-covered staircase.
 10095 | Ossuary  | Entered an ossuary
 10254 | Ossuary  | Reached ** piety under Makhleb
 10292 | Ossuary  | Reached skill level 6 in Armour
 10489 | D:8      | Reached skill level 6 in Shields
 10642 | D:8      | Reached *** piety under Makhleb
 10651 | D:8      | Reached skill level 7 in Maces & Flails
 10651 | D:8      | Reached skill level 5 in Throwing
 10696 | D:8      | Noticed Harold
 10724 | D:8      | Killed Harold
 10809 | D:8      | Found a staircase to the Lair.
 11198 | D:9      | Reached skill level 8 in Fighting
 11487 | D:9      | Found a stormy altar of Qazlal.
 12598 | D:9      | Reached XP level 11. HP: 76/87 MP: 11/11
 12751 | D:10     | Entered Level 10 of the Dungeon
 12793 | D:10     | Reached skill level 8 in Maces & Flails
 12798 | D:10     | Reached **** piety under Makhleb
 12886 | D:10     | Found a staircase to the Orcish Mines.
 13042 | D:10     | You add the spells Pain, Haunt and Malign Gateway to your
                  | library.
 13042 | D:10     | Got the Handbook of Warped Evil Rites
 13148 | D:10     | Identified the +6 spear of Lawunink {freeze, Fly rC- rN+
                  | SInv}
 13163 | D:10     | Found a sparkling altar of Nemelex Xobeh.
 13178 | D:10     | Reached skill level 7 in Armour
 13178 | D:10     | Reached skill level 7 in Shields
 13272 | D:10     | Noticed a two-headed ogre
 13282 | D:10     | Paralysed by a hornet for 1 turns
 13301 | D:10     | Killed a two-headed ogre
 13357 | D:10     | You pick up a book of Sloth and begin reading...
 13357 | D:10     | You add the spells Petrify, Metabolic Englaciation and
                  | Statue Form to your library.
 13457 | D:11     | Noticed Nergalle
 13579 | Lair:1   | Entered Level 1 of the Lair of Beasts
 13601 | D:8      | Reached skill level 6 in Throwing
 13642 | Lair:1   | Found a hide-covered altar of Uskayaw.
 13696 | Lair:1   | HP: 22/93 [black mamba (2)]
 13701 | Lair:1   | HP: 21/93 [poisoned by a black mamba]
 13707 | Lair:1   | HP: 23/93 [wolf (2)]
 13836 | Lair:1   | Found a frozen archway.
 13851 | IceCv    | Entered an ice cave
 13885 | IceCv    | HP: 22/93 [polar bear (17)]
 14194 | IceCv    | Reached skill level 9 in Fighting
 14317 | IceCv    | Noticed a death yak
 14323 | IceCv    | Noticed a death yak
 14326 | IceCv    | Killed a death yak
 14338 | IceCv    | Killed a death yak
 14591 | IceCv    | Noticed a death yak
 14594 | IceCv    | Noticed a death yak
 14614 | IceCv    | Killed a death yak
 14615 | IceCv    | Reached skill level 9 in Maces & Flails
 14652 | IceCv    | Killed a death yak
 14926 | IceCv    | Noticed a death yak
 14927 | IceCv    | Noticed a frost giant
 15063 | IceCv    | Killed a death yak
 15064 | IceCv    | Reached XP level 12. HP: 102/102 MP: 12/12
 15089 | IceCv    | HP: 17/102 [frost giant/+2 battleaxe of freezing (25)]
 15090 | IceCv    | You cannot blink because you are wearing the +15 Maxwell's
                  | patent armour {-Cast -Tele rElec Will+ rCorr}.
 15096 | IceCv    | HP: 17/102 [frost giant/bolt of cold (9)]
 15100 | IceCv    | HP: 3/102 [frost giant/+2 battleaxe of freezing (17)]
 15101 | IceCv    | Slain by a frost giant

Vanquished Creatures
  Harold (D:8)
  A tengu warrior (D:8)
  A two-headed ogre (D:10)
  5 death yaks (IceCv)
  A black mamba (Lair:1)
  2 rime drakes (IceCv)
  A cane toad (D:8)
  A tengu conjurer (D:8)
  A troll (D:10)
  4 polar bears (IceCv)
  2 hornets
  3 blink frogs (Lair:1)
  A shadow (D:10)
  12 yaks
  A wraith (Ossuary)
  2 steam dragons
  2 water moccasins
  An acid dragon (D:9)
  A sky beast (D:5)
  2 black bears
  2 orc warriors
  11 wolves
  5 ogres
  6 centaurs
  An elf zombie (D:8)
  4 kobold brigands
  Blork the orc (D:4)
  A gnoll sergeant (D:6)
  3 scorpions
  3 elf skeletons (D:8)
  A water moccasin skeleton (D:5)
  12 killer bees
  3 wights (D:9)
  7 howler monkeys
  2 centaur zombies
  3 orc priests
  A centaur skeleton (D:4)
  3 hounds
  2 human skeletons (D:8)
  A bullfrog skeleton (D:6)
  A gnoll shaman (D:6)
  A human zombie (D:8)
  A scorpion zombie (D:4)
  An iguana (D:6)
  6 orc wizards
  A mummy (Ossuary)
  2 howler monkey zombies
  15 gnolls
  4 adders
  A shadow imp (D:7)
  An ufetubus (D:5)
  4 adder zombies (D:4)
  2 adder skeletons
  A worm (D:2)
  2 dart slugs
  20 orcs
  6 endoplasms
  A giant cockroach (D:1)
  6 goblins
  5 hobgoblins
  4 jackals (D:3)
  5 quokkas
  6 ball pythons
  7 bats
  4 frilled lizards
  9 gnoll skeletons (Ossuary)
  29 kobolds
  3 kobold skeletons (Ossuary)
  17 orc skeletons
  A quokka zombie (D:4)
  2 rats (D:1)
285 creatures vanquished.

Vanquished Creatures (others)
  A plant (Lair:1)
  4 withered plants
5 creatures vanquished.

Grand Total: 290 creatures vanquished

Table legend:
 A = Non-vault XP
 B = Vault XP
 C = Vault XP percentage of total XP
 D = Non-vault monster count
 E = Vault monster count
 F = Vault count percentage of total count
                 A         B        C        D         E       F
            +---------+---------+-------+---------+---------+-------
      Total |   13861 |    8735 |  38.7 |     217 |      68 |  23.9
            +---------+---------+-------+---------+---------+-------
        D:1 |      38 |       0 |   0.0 |      25 |       0 |   0.0
        D:2 |      25 |       0 |   0.0 |       6 |       0 |   0.0
        D:3 |     163 |       0 |   0.0 |      24 |       0 |   0.0
        D:4 |     341 |     217 |  38.9 |      10 |      10 |  50.0
        D:5 |     759 |      43 |   5.4 |      13 |       1 |   7.1
        D:6 |     818 |     130 |  13.7 |      23 |       1 |   4.2
        D:7 |    1103 |       0 |   0.0 |      20 |       0 |   0.0
        D:8 |    4211 |    1334 |  24.1 |      55 |      12 |  17.9
        D:9 |    2010 |       0 |   0.0 |      19 |       0 |   0.0
       D:10 |    2273 |       0 |   0.0 |      11 |       0 |   0.0
     Lair:1 |    2120 |       0 |   0.0 |      11 |       0 |   0.0
    Ossuary |       0 |     237 | 100.0 |       0 |      27 | 100.0
      IceCv |       0 |    6774 | 100.0 |       0 |      17 | 100.0
            +---------+---------+-------+---------+---------+-------

Illustrated notes

Table legend:
 A = Kills in this place as a percentage of kills in entire the game.
 B = Kills by you in this place as a percentage of kills by you in the entire game.
 C = Kills by friends in this place as a percentage of kills by friends in the entire game.
 D = Other kills in this place as a percentage of other kills in the entire game.
 E = Experience gained in this place as a percentage of experience gained in the entire game.
 F = Experience gained in this place divided by the number of levels of this place that you have seen.
                   A       B       C       D       E      F
               +-------+-------+-------+-------+-------+----------------------
         Total | 100.0 | 100.0 |   N/A |   N/A | 100.0 | 1506.4
       Dungeon |  80.7 |  80.7 |   N/A |   N/A |  59.6 | 1224.1
          Lair |   3.9 |   3.9 |   N/A |   N/A |   9.4 | 2120.0
       Ossuary |   9.5 |   9.5 |   N/A |   N/A |   1.0 | 237.0
      Ice Cave |   6.0 |   6.0 |   N/A |   N/A |  30.0 | 6774.0
               +-------+-------+-------+-------+-------+----------------------

Table legend: (Time is in decaauts)
 A = Elapsed time spent in this place.
 B = Non-inter-level travel time spent in this place.
 C = Inter-level travel time spent in this place.
 D = Time resting spent in this place.
 E = Time spent auto-exploring this place.
 F = Levels seen in this place.
 G = Mean time per level.
                   A        B        C        D        E       F      G
               +--------+--------+--------+--------+--------+-----+--------+
         Total |  15436 |  14797 |    639 |   2518 |   8816 |  15 | 1029.1 |
       Dungeon |  13310 |  12699 |    611 |   1690 |   8250 |  11 | 1210.0 |
        Temple |    206 |    178 |     28 |      0 |    171 |   1 |  206.0 |
          Lair |    252 |    252 |      0 |     89 |      0 |   1 |  252.0 |
       Ossuary |    408 |    408 |      0 |    129 |    109 |   1 |  408.0 |
      Ice Cave |   1258 |   1258 |      0 |    610 |    285 |   1 | 1258.0 |
               +--------+--------+--------+--------+--------+-----+--------+

Top non-repeatable levels by time:
     D:7: 1958 daAuts
     D:6: 1782 daAuts
     D:9: 1599 daAuts
     D:3: 1566 daAuts
     D:5: 1374 daAuts
     D:1: 1262 daAuts
   IceCv: 1258 daAuts
     D:4: 1128 daAuts
     D:8: 1127 daAuts
    D:10: 798 daAuts
     D:2: 709 daAuts
 Ossuary: 408 daAuts
  Lair:1: 252 daAuts
  Temple: 206 daAuts
    D:11: 1 daAuts
